 Dungeon Crawl Stone Soup version 0.30.0 (webtiles) character file.

Game seed: 630052540232244241

9 samcosmo the Grasshopper (level 2, 23/23 HPs)
             Began as a Barachi Warper on July 3, 2023.
             Got out of the dungeon alive.
             The game lasted 00:00:58 (114 turns).

samcosmo the Grasshopper (Barachi Warper)            Turns: 114, Time: 00:00:58

Health: 23/23      AC:  3    Str: 12    XL:     2   Next: 16%
Magic:  5/5        EV: 11    Int: 13    God:
Gold:   0          SH:  0    Dex: 11    Spells: 5/5 levels left

rFire   . . .        a - +0 falchion
rCold   . . .        (no shield)
rNeg    . . .        b - +0 leather armour
rPois   .            (no helmet)
rElec   .            (no cloak)
rCorr   .            (no gloves)
SInv    .            (no boots)
Will    .....        (no amulet)
Stlth   +            (no ring)
HPRegen 0.23/turn    (no ring)
MPRegen 0.09/turn

%: no passive effects
@: slow
A: amphibious, slowness 1, strong legs 1, +LOS
a: Hop


You escaped.
You visited 1 branch of the dungeon, and saw 1 of its levels.

Inventory:

Hand Weapons
 a - a +0 falchion (weapon)
Missiles
 d - 7 boomerangs of dispersal (quivered)
Armour
 b - a +0 leather armour (worn)
Scrolls
 c - a scroll of blinking
 e - a scroll of poison {unknown}


   Skills:
 + Level 2.7 Fighting
 - Level 2.4 Long Blades
 - Level 1.0 Throwing
 - Level 1.2 Armour
 - Level 2.1 Dodging
 + Level 2.4 Spellcasting
 * Level 3.6 Translocations


You had 5 spell levels left.
You didn't know any spells.
Your spell library contained the following spells:

 Spells                   Type           Power      Damage    Failure   Level
 Blink                    Tloc           22%        N/A       11%         2
 Lesser Beckoning         Tloc           22%        N/A       11%         2
 Teleport Other           Tloc           11%        N/A       21%         3
 Vhi's Electric Charge    Tloc/Air       12%        N/A       41%         3
 Manifold Assault         Tloc           11%        N/A       56%         4


Dungeon Overview and Level Annotations

Branches:
Dungeon (1/15)

Altars:


Innate Abilities, Weirdness & Mutations

You are amphibious.
You cover ground slowly.
You can hop short distances.
You have an extended range of vision and can be seen from far away.


Message History

A hobgoblin is nearby!
A goblin comes into view. It is wielding a +0 dagger.
The goblin shouts!
You hear a shout!
The hobgoblin hits you but does no damage.
The hobgoblin hits you.
A goblin comes into view. It is wielding a +0 club.
You see here 2 poisoned darts.
You closely miss the hobgoblin. The hobgoblin misses you.
You hit the hobgoblin.
The hobgoblin is severely wounded.
The hobgoblin barely misses you.
You hit the hobgoblin but do no damage.
The hobgoblin is severely wounded.
The hobgoblin hits you.
You hit the hobgoblin.
You kill the hobgoblin!
The goblin closely misses you.
You have reached level 2!
You hit the goblin.
The goblin is heavily wounded.
The goblin barely misses you.
You hit the goblin.
You kill the goblin!
The goblin barely misses you.
You hit the goblin but do no damage. The goblin closely misses you.
The goblin barely misses you.
You barely miss the goblin. The goblin hits you with a +0 club.
You hit the goblin.
You kill the goblin!
No target in view!
No target in view!
No target in view!
Things that are here:
a +0 club; a ball python corpse; a goblin corpse
Found a pink potion.
There is a huge open gate here.
There is a huge open gate here.
There is a staircase leading out of the dungeon here.
Are you sure you want to leave the Dungeon?
This will make you lose the game!
You have escaped!

### #.# #.# #.#
###### #.#
#.#.8######.######
#..#'#...........#
#@.#''...........#
#..#'#...........#
#.#.8#............
######...........#
######.....##
!........).
#+#..####.#. ....
...#. .....#...##.


There were no monsters in sight!

Vanquished Creatures
  A ball python (D:1)
  A bat (D:1)
  3 goblins (D:1)
  2 hobgoblins (D:1)
7 creatures vanquished.

Notes
Turn   | Place    | Note
-------+----------+-------------------------------------------
     0 | D:1      | samcosmo the Barachi Warper began the quest for the Orb.
     0 | D:1      | Reached XP level 1. HP: 17/17 MP: 3/3
    83 | D:1      | Reached XP level 2. HP: 19/23 MP: 5/5
   114 | D:$      | Got out of the dungeon alive.

Illustrated notes

Levels and vault maps discovered:
D:1:      saegor_arrival_simple_c, layout_basic

Action                     || total
---------------------------++-------
  Melee: Falchion          ||    19
         Punch             ||     1
 Armour: Leather armour    ||     2
  Dodge: Dodged            ||    16
